 Dungeon Crawl Stone Soup version 0.17-a0-1596-g1e86911 (webtiles) character file.

130 karlkraus the Skirmisher (level 4, 0/41 HPs)
             Began as a Minotaur Fighter on July 31, 2015.
             Slain by an orc (2 damage)
             ... on level 3 of the Dungeon.
             The game lasted 00:02:15 (1004 turns).

karlkraus the Skirmisher (Minotaur Fighter)         Turns: 1004, Time: 00:02:15

Health: 0/41       AC: 10    Str: 22    XL:     4   Next: 90%
Magic:  3/3        EV:  6    Int:  5    God:
Gold:   25         SH:  9    Dex:  9    Spells: 0 memorised, 3 levels left

rFire  . . .     SeeInvis .     a - +0 flail
rCold  . . .     Clarity  .     j - +0 chain mail
rNeg   . . .     SustAt   .     c - +0 shield
rPois  .         Gourm    .     (helmet restricted)
rElec  .         Spirit   .     (no cloak)
rCorr  .         Warding  .     n - +0 pair of gloves
rMut   .         Stasis   .     (no boots)
MR     .....                    (no amulet)
Stlth  ..........               (no ring)
                                (no ring)

@: not resistant to hostile enchantments, extremely unstealthy
A: retaliatory headbutt, horns 2
a: no special abilities


You were on level 3 of the Dungeon.
You were hungry.

You visited 1 branch of the dungeon, and saw 3 of its levels.

You collected 25 gold pieces.

Inventory:

Hand weapons
 a - a +0 flail (weapon)
Armour
 c - a +0 shield (worn)
 j - a +0 chain mail (worn)
 n - a +0 pair of gloves (worn)
Scrolls
 f - 2 scrolls of identify {unknown}
 h - 2 scrolls of teleportation {unknown}
 k - a scroll of remove curse {unknown}
 l - a scroll of amnesia {unknown}
Potions
 b - a potion of lignification {unknown}
 d - a potion of might
 g - 2 potions of curing {unknown}
Comestibles
 e - 3 bread rations
 i - 3 meat rations
 m - a chunk of flesh


   Skills:
 + Level 4.7 Fighting
 + Level 3.4 Maces & Flails
 + Level 4.2 Armour
 + Level 1.3 Dodging
 + Level 4.6 Shields


You had 3 spell levels left.
You didn't know any spells.

Dungeon Overview and Level Annotations

Branches:
Dungeon (3/15)

Altars:
Sif Muna
The Shining One


Innate Abilities, Weirdness & Mutations

You reflexively headbutt those who attack you in melee.
You have a pair of horns on your head.


Message History

The hobgoblin hits you but does no damage.
You hit the orc but do no damage. Your headbutt misses the orc.
You block the orc's attack. x2
The hobgoblin hits you but does no damage.
The orc barely misses you.
You barely miss the orc. You headbutt the orc, but do no damage.
You block the orc's attack. The hobgoblin hits you.
* * * LOW HITPOINT WARNING * * *
You block the orc's attack. x2
The hobgoblin hits you but does no damage.
You hit the orc but do no damage. The orc barely misses you.
The hobgoblin hits you but does no damage.
The orc hits you but does no damage.
Unknown command.
You hit the orc.
The orc is moderately wounded.
You block the orc's attack. The hobgoblin hits you.
* * * LOW HITPOINT WARNING * * *
The orc hits you but does no damage. The orc hits you.
You die...

#.....###.##.. .#
..>..........##.####
........##..........####
........#........##....#
........#........#####..
........#........####...
.......o#.............##
.......@o).......###.##
......g.######..####..##
........# #.....###.##
........# #.###...#.#.
........# #.#####.....
.......## #.#.........
#.....# ####.#.##.##...
###### #......##.##.##
#..............


You could see 2 orcs and a hobgoblin.

Vanquished Creatures
  An orc priest (D:3)
  Natasha (twice) (D:3)
  3 adders
  2 worms (D:2)
  2 ball pythons
  5 hobgoblins
  A quokka (D:2)
  5 bats
  4 giant geckos
  5 giant newts
  5 goblins
  2 jackals (D:1)
  2 kobolds (D:1)
  2 rats
41 creatures vanquished.

Notes
Turn   | Place    | Note
--------------------------------------------------------------
     0 | D:1      | karlkraus the Minotaur Fighter began the quest for the Orb.
     0 | D:1      | Reached XP level 1. HP: 19/19 MP: 0/0
   166 | D:1      | Reached XP level 2. HP: 17/27 MP: 1/1
   195 | D:1      | Reached skill level 4 in Fighting
   419 | D:2      | Found a deep blue altar of Sif Muna.
   533 | D:2      | Reached XP level 3. HP: 29/34 MP: 2/2
   636 | D:2      | Found a glowing golden altar of the Shining One.
   898 | D:3      | Reached XP level 4. HP: 41/41 MP: 3/3
   922 | D:3      | Noticed Natasha
   932 | D:3      | Killed Natasha
   968 | D:3      | Noticed Natasha
   977 | D:3      | Killed Natasha
   977 | D:3      | Reached skill level 1 in Dodging
  1004 | D:3      | HP: 2/41 [hobgoblin (3)]
  1004 | D:3      | Slain by an orc

Vault maps used:
D:1:      minmay_arrival_four_circles
D:2:      lemuel_blue_sif_altar, first_bread, tso_metal_star
D:3:      lemuel_doored_altar, hangedman_abyss_or_decor_lesser_grid,
          nemelex_spade_bored_becter, uniq_natasha

Action                   |  1- 3 |  4- 6 || total
-------------------------+-------+-------++-------
Melee: Flail             |    78 |    24 ||   102
